 Dungeon Crawl Stone Soup version 0.20-a0-256-gabb291d (webtiles) character file.

128 KristoblXynda the Stinger (level 4, 0/33 HPs)
             Began as a Draconian Venom Mage on Dec 1, 2016.
             Slain by a white imp (3 damage)
             ... summoned by Xiguana's ghost
             ... on level 3 of the Dungeon.
             The game lasted 00:04:57 (1993 turns).

KristoblXynda the Stinger (Draconian Venom Mage)    Turns: 1993, Time: 00:04:58

Health: 0/33       AC:  5    Str: 16    XL:     4   Next: 87%
Magic:  16/17      EV: 12    Int: 21    God:
Gold:   146        SH:  0    Dex: 11    Spells: 5/9 levels left

rFire  . . .     SeeInvis .     (no weapon)
rCold  . . .     Gourm    .     (armour unavailable)
rNeg   . . .     Faith    .     (no shield)
rPois  .         Spirit   .     h - +0 hat
rElec  .         Reflect  .     (no cloak)
rCorr  .         Harm     .     (no gloves)
MR     .....                    (no boots)
Stlth  ++........               (no amulet)
                                (no ring)
                                o - ring of magical power

@: mighty, brilliant
A: unfitting armour, cold-blooded, AC +5
a: no special abilities


You were on level 3 of the Dungeon.
You were not hungry.

You visited 1 branch of the dungeon, and saw 3 of its levels.

You collected 146 gold pieces.

Inventory:

Armour
 h - a +0 hat (worn)
Jewellery
 o - a ring of magical power (left hand)
Wands
 m - a wand of iceblast (2/15)
 r - a wand of flame (24/48)
Scrolls
 c - a scroll of amnesia {unknown}
 d - 2 scrolls of blinking {unknown}
 e - a scroll of enchant armour {unknown}
 f - a scroll of immolation {unknown}
 g - a scroll of recharging {unknown}
 i - 2 scrolls of teleportation {unknown}
 k - a scroll of identify {unknown}
Potions
 j - 2 potions of brilliance
Books
 a - a Young Poisoner's Handbook

   Spells                             Type                      Level
   a - Sting                          Conjuration/Poison           1
   b - Mephitic Cloud                 Conjuration/Poison/Air       3
   c - Olgreb's Toxic Radiance        Poison                       4
   d - Alistair's Intoxication        Transmutation/Poison         5
   e - Venom Bolt                     Conjuration/Poison           5
Comestibles
 b - 4 bread rations


   Skills:
 - Level 1.7 Dodging
 - Level 1.7 Stealth
 + Level 0.0 Unarmed Combat
 + Level 3.0 Spellcasting
 + Level 2.4 Conjurations
 - Level 5.0 Poison Magic


You had 5 spell levels left.
You knew the following spells:

 Your Spells              Type           Power        Failure   Level  Hunger
a - Sting                 Conj/Pois      ####         1%          1    None
b - Mephitic Cloud        Conj/Pois/Air  ####....     2%          3    ###....


Dungeon Overview and Level Annotations

Branches:
Dungeon (3/15)

Altars:
Fedhas

Annotations:
D:3 Xiguana's ghost, amateur DgWz


Innate Abilities, Weirdness & Mutations

Your plain brown scales are hard. (AC +5)
You cannot fit into any form of body armour.
You are cold-blooded and may be slowed by cold attacks.


Message History

Xiguana's ghost mumbles some strange words.
Okay, then.
You barely miss Xiguana's ghost.
Xiguana's ghost is moderately damaged.
The white imp spits at you. The white imp closely misses you.
Xiguana's ghost hits you.
* * * LOW HITPOINT WARNING * * *
You hit Xiguana's ghost.
Xiguana's ghost is moderately damaged.
The white imp completely misses you. Xiguana's ghost barely misses you.
You closely miss Xiguana's ghost.
Xiguana's ghost is moderately damaged.
The white imp closely misses you. Xiguana's ghost hits you.
* * * LOW HITPOINT WARNING * * *
You closely miss Xiguana's ghost.
Xiguana's ghost is moderately damaged.
The white imp hits you.
* * * LOW HITPOINT WARNING * * *
The white imp freezes you.
You die...

##..# ....# #...## #..#
#.#..###..)## #..#
#.##..#>..... #..#
#..##........ #..#
#<###..#.... ##..##
#..#[....... #....#
#......####.
#.##.#######...........
...
#.5@Wb......g#.####.
#..# #####g.###.....#
##. #..........## ..
...##.......# ## .g###
......## ## .......
..... .##. ..


You could see Xiguana's ghost, a white imp, a goblin and a bat.

Vanquished Creatures
  4 adders
  An ooze (D:2)
  4 worms
  3 dart slugs
  5 leopard geckos
  3 giant cockroaches
  7 goblins
  5 hobgoblins
  5 jackals
  8 kobolds
  A quokka (D:3)
  5 bats
  3 frilled lizards
  10 rats
64 creatures vanquished.

Notes
Turn   | Place    | Note
-------+----------+-------------------------------------------
     0 | D:1      | KristoblXynda the Draconian Venom Mage began the quest for the Orb.
     0 | D:1      | Reached XP level 1. HP: 14/14 MP: 3/3
   230 | D:1      | Reached XP level 2. HP: 16/20 MP: 3/5
   263 | D:1      | Reached skill level 1 in Conjurations
   681 | D:1      | Reached XP level 3. HP: 23/26 MP: 3/6
   694 | D:1      | Learned a level 3 spell: Mephitic Cloud
  1192 | D:2      | Found a blossoming altar of Fedhas.
  1251 | D:2      | Reached XP level 4. HP: 33/33 MP: 5/8
  1927 | D:3      | Reached skill level 5 in Poison Magic
  1955 | D:3      | Noticed Xiguana's ghost (amateur DgWz)
  1993 | D:3      | Slain by a white imp

Vault maps used:
D:1:      lightli_iron_boxes, minmay_split_cup_large
D:2:      grunt_ministairs_9, fedhas_altar_2
D:3:      first_bread, kennysheep_cross_room

Skill      XL: |  1  2  3  4 |
---------------+-------------+-----
Conjurations   | 1 2 |  2.4
Spellcasting   | 3 |  3.0
Poison Magic   | 5 |  5.0
Dodging        | |  1.7
Stealth        | |  1.7

Action                   |  1- 3 |  4- 6 || total
-------------------------+-------+-------++-------
Melee: Unarmed           |   109 |    76 ||   185
       Tailslap          |    13 |     4 ||    17
 Cast: Sting             |    57 |    52 ||   109
  Use: Potion            |       |     7 ||     7
 Stab: Sleeping          |     3 |       ||     3
  Eat: Chunk             |     2 |     2 ||     4
       Pizza             |       |     1 ||     1
Armor: Skin              |    36 |    36 ||    72
Dodge: Dodged            |    68 |    82 ||   150
